 Dungeon Crawl Stone Soup version 0.25-a0-578-gc91f01c39c (webtiles) character file.

Game seed: 9245493485845907443, levelgen mode: deterministic

9756 Emblim88 the Blocker (level 11, -2/89 HPs)
             Began as a Gnoll Fighter on Mar 3, 2020.
             Was a Priest of Fedhas.
             Slain by a centaur (3 damage)
             ... on level 11 of the Dungeon.
             The game lasted 00:18:52 (8560 turns).

Emblim88 the Blocker (Gnoll Fighter)                Turns: 8560, Time: 00:18:52

Health: -2/89      AC:  5    Str: 24    XL:     11   Next: 51%
Magic:  0/20       EV: 15    Int: 12    God:    Fedhas [***...]
Gold:   515        SH:  0    Dex: 18    Spells: 15/22 levels left

rFire    + . .     SeeInvis .   d - +9 halberd of Infinity {protect, *Contam rN+++ MR+ Int-4 Stlth+}
rCold    + + .     Gourm    .   (shield currently unavailable)
rNeg     + + +     Faith    .   A - +1 ring mail of Wasted Space {Regen+ Dex+4}
rPois    +         Spirit   +   (no helmet)
rElec    .         Reflect  .   (no cloak)
rCorr    .         Harm     .   b - -4 pair of gloves of Selouv {rPois rF+ rC+ Int+4} (curse)
MR       +++..                  n - +0 pair of boots
Stlth    ++++......             a - amulet "Reget" {Spirit rPois MR++ Str+2 Int-2}
HPRegen  0.64/turn              p - ring of protection from cold
MPRegen  0.17/turn              t - +3 ring of intelligence

@: mighty, corroded, protection aura
A: distributed training, fangs 1, strong nose
a: Wall of Briars, Grow Ballistomycete, Renounce Religion


You were on level 11 of the Dungeon.
You worshipped Fedhas.
Fedhas was most pleased with you.
You were very hungry.

You visited 2 branches of the dungeon, and saw 12 of its levels.

You collected 515 gold pieces.

Inventory:

Hand Weapons
 d - the +9 halberd of Infinity (weapon) {protect, *Contam rN+++ MR+ Int-4 Stlth+}
   (You acquired it on level 8 of the Dungeon)

   It grants its wielder temporary protection when it strikes (+7 to AC).
   It affects your intelligence (-4).
   It renders you almost immune to negative energy.
   It affects your resistance to hostile enchantments.
   It causes magical contamination when unequipped.
   It makes you more stealthy.
 m - a +1 dire flail of holy wrath
 J - a +1 dagger of distortion
Missiles
 h - 16 poisoned darts (quivered)
 y - 9 boomerangs
Armour
 b - the cursed -4 pair of gloves of Selouv (worn) {rPois rF+ rC+ Int+4}
   (You found it on level 7 of the Dungeon)

   It affects your intelligence (+4).
   It protects you from fire.
   It protects you from cold.
   It protects you from poison.
   If you remove this armour, your AC will increase by 3 (5 -> 8).
   It has a curse placed upon it.
 c - a +0 kite shield
 n - a +0 pair of boots (worn)
 A - the +1 ring mail of Wasted Space (worn) {Regen+ Dex+4}
   (You found it on level 4 of the Dungeon)

   It affects your dexterity (+4).
   It increases your rate of regeneration.
   If you remove this armour, your AC will decrease by 7 (5 -> -2).
Jewellery
 a - the amulet "Reget" (around neck) {Spirit rPois MR++ Str+2 Int-2}
   (You acquired it on level 9 of the Dungeon)

   [amulet of guardian spirit]

   It causes incoming damage to be split between your health and magic.
   It affects your strength (+2).
   It affects your intelligence (-2).
   It protects you from poison.
   It affects your resistance to hostile enchantments.
 p - a ring of protection from cold (left hand)
 t - a +3 ring of intelligence (right hand)
 B - a +3 amulet of reflection
Wands
 o - a wand of paralysis (3)
 r - a wand of acid (8)
 w - a wand of random effects (21)
 z - a wand of flame (19)
 G - a wand of enslavement (10)
Scrolls
 e - a scroll of magic mapping
 g - 11 scrolls of teleportation
 j - 5 scrolls of remove curse
 q - a scroll of blinking
 v - 2 scrolls of immolation
 x - 3 scrolls of amnesia
 C - a scroll of fog
 D - a scroll of silence
 F - a scroll of identify
 H - a scroll of enchant weapon
 I - a scroll of enchant armour
 K - a scroll of brand weapon
Potions
 i - 2 potions of flight
 k - 3 potions of stabbing
 l - a potion of lignification
 u - a potion of ambrosia
 E - a potion of invisibility
Comestibles
 f - 19 rations


   Skills:
 + Level 9.1 Fighting
 + Level 6.2 Short Blades
 + Level 6.2 Long Blades
 + Level 6.2 Axes
 + Level 7.8 Maces & Flails
 + Level 6.2 Polearms
 + Level 6.2 Staves
 + Level 6.2 Slings
 + Level 6.2 Bows
 + Level 6.2 Crossbows
 + Level 6.2 Throwing
 + Level 9.1 Armour
 + Level 6.2 Dodging
 + Level 6.2 Stealth
 + Level 9.1 Shields
 + Level 6.2 Unarmed Combat
 + Level 6.2 Spellcasting
 + Level 5.1 Conjurations
 + Level 5.1 Hexes
 + Level 5.1 Charms
 + Level 5.1 Summonings
 + Level 5.1 Necromancy
 + Level 5.1 Translocations
 + Level 5.1 Transmutations
 + Level 5.1 Fire Magic
 + Level 5.1 Ice Magic
 + Level 5.1 Air Magic
 + Level 5.1 Earth Magic
 + Level 5.1 Poison Magic
 + Level 6.8 Invocations
 + Level 6.2 Evocations


You had 15 spell levels left.
You knew the following spells:

 Your Spells              Type           Power        Failure   Level  Hunger
a - Mephitic Cloud        Conj/Pois/Air  ###.....     9%          3    ###....
b - Blink                 Tloc           N/A          4%          2    ##.....
c - Slow                  Hex            ###.....     4%          2    ##.....

Your spell library contained the following spells:

 Spells                   Type           Power        Failure   Level  Hunger
 Magic Dart               Conj           ###.         3%          1    None
 Summon Small Mammal      Summ           ###.         3%          1    None
 Call Imp                 Summ           ###.....     4%          2    ##.....
 Call Canine Familiar     Summ           ###.....     9%          3    ###....
 Conjure Flame            Conj/Fire      ###.....     9%          3    ###....
 Summon Guardian Golem    Hex/Summ       ###.....     9%          3    ###....
 Summon Ice Beast         Ice/Summ       ###.....     28%         4    ####...
 Summon Lightning Spire   Summ/Air       ###.....     28%         4    ####...


Dungeon Overview and Level Annotations

Branches:
Dungeon (11/15)            Temple (1/1) D:7            Lair (0/6) D:9
    Orc: D:9-12

Altars:
Ashenzari
Cheibriados
Dithmenos
Elyvilon
Fedhas
Gozag
Hepliaklqana
Kikubaaqudgha
Makhleb
Nemelex Xobeh
Okawaru
Qazlal
Ru
Sif Muna
Trog
Uskayaw
Vehumet
Wu Jian
Xom
Yredelemnul
Zin
The Shining One

Shops:
D:9 (

Annotations:
D:8 1 runed translucent door, Morbidden's ghost, novice BaFi


Innate Abilities, Weirdness & Mutations

Your experience applies equally to all skills.
You have very sharp teeth.
Your uncanny sense of smell can sniff out nearby items.


Message History

The acid dragon closely misses you.
The acid dragon claws you but does no damage.
You closely miss the centaur. You bite the centaur, but do no damage.
The centaur is severely wounded.
The centaur hits you.
* * * LOW HITPOINT WARNING * * *
The centaur hits you!
* * * LOW HITPOINT WARNING * * *
The acid dragon closely misses you. The acid dragon barely misses you.
You hit the centaur.
Your weapon exudes an aura of protection.
Your bite misses the centaur.
The centaur is almost dead.
The centaur hits you.
* * * LOW HITPOINT WARNING * * *
The acid dragon bites you.
* * * LOW HITPOINT WARNING * * *
The acid dragon barely misses you. The centaur hits you.
You die...
Fedhas appreciates your contribution to the ecosystem.

#......#.##############
#....#.................
#....#.........).......
#....(..###############
#..(.#....#############
#....c.>............[..
#.#.###..<.............
##.#.####(.(....#######.
......c@)..((.....###.#.
......D##......[#.#...#.
........
#......<#.#.#.#.
#........
#.......#.#.#.#. .......
#.......#.#.#.#.
###....#.#......#.#.#...
#...(#........#.#.###.
#....#.#........#..... #
#.#############


You could see an acid dragon and a centaur.

Vanquished Creatures
  3 two-headed ogres
  Joseph (D:8)
  2 centaur zombies (D:10)
  A gargoyle (D:9)
  Psyche (D:11)
  A troll (D:10)
  2 hornets
  A hippogriff (D:7)
  Eustachio (D:5)
  A yak (D:9)
  2 wyverns (D:10)
  2 hungry ghosts
  Edmund (D:5)
  A water moccasin (D:9)
  A porcupine (D:9)
  3 sky beasts
  An ice beast (D:8)
  An orc warrior (D:8)
  2 black bears (D:9)
  2 phantoms
  6 ogres
  2 eyes of draining
  2 crocodiles (D:9)
  5 centaurs
  2 big kobolds
  6 bullfrogs
  A wyvern zombie (D:7)
  4 scorpions
  8 killer bees
  A howler monkey (D:7)
  3 crimson imps
  2 jellies (D:9)
  6 hounds
  A bullfrog skeleton (D:8)
  2 orc priests
  9 orc wizards
  A centaur skeleton (D:10)
  7 worker ants
  A killer bee zombie (D:8)
  A hound zombie (D:5)
  A howler monkey skeleton (D:4)
  16 adders
  2 shadow imps
  An adder skeleton (D:6)
  An adder zombie (D:6)
  3 worms
  5 dart slugs
  10 leopard geckos
  28 orcs
  A ball python (D:2)
  2 bats
  4 giant cockroaches
  3 goblins
  8 hobgoblins
  5 quokkas
  4 frilled lizards
  A jackal skeleton (D:4)
  11 kobolds
  28 rats
234 creatures vanquished.

Vanquished Creatures (others)
  43 fungi (D:9)
  32 plants (D:9)
75 creatures vanquished.

Grand Total: 309 creatures vanquished

Notes
Turn   | Place    | Note
-------+----------+-------------------------------------------
     0 | D:1      | Emblim88 the Gnoll Fighter began the quest for the Orb.
     0 | D:1      | Reached XP level 1. HP: 23/23 MP: 1/1
    91 | D:1      | Reached XP level 2. HP: 27/29 MP: 2/2
   388 | D:2      | Reached XP level 3. HP: 35/35 MP: 3/3
   510 | D:2      | Reached skill level 1 in Short Blades
   510 | D:2      | Reached skill level 1 in Long Blades
   510 | D:2      | Reached skill level 1 in Axes
   510 | D:2      | Reached skill level 1 in Polearms
   510 | D:2      | Reached skill level 1 in Staves
   510 | D:2      | Reached skill level 1 in Slings
   510 | D:2      | Reached skill level 1 in Bows
   510 | D:2      | Reached skill level 1 in Crossbows
   510 | D:2      | Reached skill level 1 in Throwing
   510 | D:2      | Reached skill level 1 in Dodging
   510 | D:2      | Reached skill level 1 in Stealth
   510 | D:2      | Reached skill level 1 in Unarmed Combat
   510 | D:2      | Reached skill level 1 in Spellcasting
   510 | D:2      | Reached skill level 1 in Invocations
   510 | D:2      | Reached skill level 1 in Evocations
   510 | D:2      | Reached XP level 4. HP: 29/41 MP: 3/5
   716 | D:2      | Reached skill level 1 in Conjurations
   716 | D:2      | Reached skill level 1 in Hexes
   716 | D:2      | Reached skill level 1 in Charms
   716 | D:2      | Reached skill level 1 in Summonings
   716 | D:2      | Reached skill level 1 in Necromancy
   716 | D:2      | Reached skill level 1 in Translocations
   716 | D:2      | Reached skill level 1 in Transmutations
   716 | D:2      | Reached skill level 1 in Fire Magic
   716 | D:2      | Reached skill level 1 in Ice Magic
   716 | D:2      | Reached skill level 1 in Air Magic
   716 | D:2      | Reached skill level 1 in Earth Magic
   716 | D:2      | Reached skill level 1 in Poison Magic
   901 | D:2      | Reached XP level 5. HP: 47/47 MP: 6/6
  1363 | D:3      | Learned a level 3 spell: Mephitic Cloud
  1366 | D:3      | Learned a level 2 spell: Blink
  1376 | D:3      | Found a snail-covered altar of Cheibriados.
  1630 | D:4      | Found a bloodstained altar of Trog.
  1705 | D:4      | Reached XP level 6. HP: 50/53 MP: 8/8
  1860 | D:4      | Found a basalt altar of Yredelemnul.
  1908 | D:4      | Got a twisted ring mail
  1919 | D:4      | Identified the cursed +1 ring mail of Wasted Space {Regen+
                  | Dex+4} (You found it on level 4 of the Dungeon)
  2185 | D:5      | Entered Level 5 of the Dungeon
  2205 | D:5      | Reached skill level 5 in Maces & Flails
  2248 | D:5      | Noticed Eustachio
  2266 | D:5      | Killed Eustachio
  2266 | D:5      | Reached XP level 7. HP: 43/59 MP: 10/10
  2306 | D:5      | Noticed Edmund
  2325 | D:5      | Killed Edmund
  2762 | D:5      | Reached XP level 8. HP: 27/67 MP: 12/12
  3090 | D:6      | Found a sacrificial altar of Ru.
  3090 | D:6      | Found a burning altar of Makhleb.
  3421 | D:6      | Found a sparkling altar of Nemelex Xobeh.
  3800 | D:7      | HP: 2/67 [killer bee (3)]
  3995 | D:7      | Got a pair of shimmering gloves
  4001 | D:7      | Identified the cursed -4 pair of gloves of Selouv {rPois
                  | rF+ rC+ Int+4} (You found it on level 7 of the Dungeon)
  4007 | D:7      | Noticed a hornet
  4044 | D:7      | Killed a hornet
  4258 | D:7      | Found a hazy altar of Hepliaklqana.
  4272 | D:7      | Found a staircase to the Ecumenical Temple.
  4300 | Temple   | Entered the Ecumenical Temple
  4615 | Temple   | Became a worshipper of Fedhas Madash
  4830 | D:7      | Noticed a hippogriff
  4854 | D:7      | Killed a hippogriff
  4911 | D:7      | Reached XP level 9. HP: 66/72 MP: 14/14
  5234 | D:8      | Identified a scroll of acquirement
  5237 | D:8      | Identified the Handbook of Displacement (You acquired it on
                  | level 8 of the Dungeon)
  5237 | D:8      | Identified the +9 halberd of Infinity {protect, *Contam
                  | rN+++ MR+ Int-4 Stlth+} (You acquired it on level 8 of the
                  | Dungeon)
  5289 | D:8      | Found a runed translucent door.
  5296 | D:8      | Noticed Morbidden's ghost (novice BaFi)
  5354 | D:8      | Reached * piety under Fedhas
  5385 | D:8      | Noticed a two-headed ogre
  5391 | D:8      | Killed a two-headed ogre
  5391 | D:8      | Reached skill level 5 in Invocations
  5426 | D:8      | Noticed Joseph
  5441 | D:8      | Killed Joseph
  5441 | D:8      | Reached XP level 10. HP: 51/80 MP: 15/17
  5689 | D:8      | You fall into a shaft and drop 1 floor!
  5777 | D:9      | Noticed a gargoyle
  5786 | D:9      | Killed a gargoyle
  5786 | D:9      | Reached skill level 5 in Short Blades
  5786 | D:9      | Reached skill level 5 in Long Blades
  5786 | D:9      | Reached skill level 5 in Axes
  5786 | D:9      | Reached skill level 5 in Polearms
  5786 | D:9      | Reached skill level 5 in Staves
  5786 | D:9      | Reached skill level 5 in Slings
  5786 | D:9      | Reached skill level 5 in Bows
  5786 | D:9      | Reached skill level 5 in Crossbows
  5786 | D:9      | Reached skill level 5 in Throwing
  5786 | D:9      | Reached skill level 5 in Dodging
  5786 | D:9      | Reached skill level 5 in Stealth
  5786 | D:9      | Reached skill level 5 in Unarmed Combat
  5786 | D:9      | Reached skill level 5 in Spellcasting
  5786 | D:9      | Reached skill level 5 in Evocations
  5856 | D:9      | Found Xuocit's Weapon Emporium.
  5856 | D:9      | Noticed a two-headed ogre
  5867 | D:9      | Killed a two-headed ogre
  5963 | D:9      | Noticed a two-headed ogre
  5971 | D:9      | Killed a two-headed ogre
  6541 | D:9      | Reached ** piety under Fedhas
  6553 | D:9      | Found a staircase to the Lair.
  6577 | D:9      | Reached XP level 11. HP: 76/87 MP: 19/19
  6724 | D:9      | Found an opulent altar of Gozag.
  6741 | D:9      | Noticed a +0 hand axe
  6742 | D:9      | Noticed a +0 dagger
  6743 | D:9      | Found a hide-covered altar of Uskayaw.
  6750 | D:9      | Found an iron altar of Okawaru.
  7380 | D:9      | Identified the amulet "Reget" {Spirit rPois MR++ Str+2
                  | Int-2} (You acquired it on level 9 of the Dungeon)
  7385 | D:10     | Entered Level 10 of the Dungeon
  7529 | D:10     | Learned a level 2 spell: Slow
  7925 | D:10     | Reached skill level 5 in Conjurations
  7925 | D:10     | Reached skill level 5 in Hexes
  7925 | D:10     | Reached skill level 5 in Charms
  7925 | D:10     | Reached skill level 5 in Summonings
  7925 | D:10     | Reached skill level 5 in Necromancy
  7925 | D:10     | Reached skill level 5 in Translocations
  7925 | D:10     | Reached skill level 5 in Transmutations
  7925 | D:10     | Reached skill level 5 in Fire Magic
  7925 | D:10     | Reached skill level 5 in Ice Magic
  7925 | D:10     | Reached skill level 5 in Air Magic
  7925 | D:10     | Reached skill level 5 in Earth Magic
  7925 | D:10     | Reached skill level 5 in Poison Magic
  7955 | D:10     | Reached *** piety under Fedhas
  8444 | D:11     | Noticed Psyche
  8489 | D:11     | Killed Psyche
  8560 | D:11     | HP: 1/89 [acid dragon (5)]
  8560 | D:11     | Slain by a centaur

Levels and vault maps discovered:
D:1:      minmay_arrival_hallway, layout_rooms, minmay_misc_feat_tiny
D:2:      layout_rooms, chequers_serial_rivers_micro_a, minmay_rat_hole
D:3:      layout_basic, kennysheep_slug_shrine
D:4:      layout_gridville, lemuel_round_altar, marbit_many_paths
D:5:      layout_loops_ring, first_ration, uniq_eustachio, uniq_edmund
D:6:      layout_loops_ring, gammafunk_temple_overflow_statue,
          minmay_misc_feat_encased, nemelex_lonely_heart_becter
D:7:      layout_gridville, nicolae_overflow_crystal_walls,
          minmay_temple_entry_junction, grunt_ogre_cave
D:8:      layout_cave_pools, ebering_ghost_reflecting_pool, uniq_joseph
D:9:      layout_basic, nicolae_overflow_hidden_temple, grunt_gozag_statues,
          dancing_weapons_uskayaw, due_lair_maze_entry_diamond, serial_shops,
          shop
D:10:     layout_basic
D:11:     layout_basic, uniq_psyche
Temple:   nicolae_temple_figure_eight

Skill      XL: |  1  2  3  4  5  6  7  8  9 10 11 |
---------------+----------------------------------+-----
Short Blades   | 1 2 3 4 5 6 |  6.2
Long Blades    | 1 2 3 4 5 6 |  6.2
Axes           | 1 2 3 4 5 6 |  6.2
Polearms       | 1 2 3 4 5 6 |  6.2
Staves         | 1 2 3 4 5 6 |  6.2
Slings         | 1 2 3 4 5 6 |  6.2
Bows           | 1 2 3 4 5 6 |  6.2
Crossbows      | 1 2 3 4 5 6 |  6.2
Throwing       | 1 2 3 4 5 6 |  6.2
Dodging        | 1 2 3 4 5 6 |  6.2
Stealth        | 1 2 3 4 5 6 |  6.2
Unarmed Combat | 1 2 3 4 5 6 |  6.2
Spellcasting   | 1 2 3 4 5 6 |  6.2
Invocations    | 1 2 3 4 5 6 |  6.8
Evocations     | 1 2 3 4 5 6 |  6.2
Conjurations   | 1 2 3 4 5 |  5.1
Hexes          | 1 2 3 4 5 |  5.1
Charms         | 1 2 3 4 5 |  5.1
Summonings     | 1 2 3 4 5 |  5.1
Necromancy     | 1 2 3 4 5 |  5.1
Translocations | 1 2 3 4 5 |  5.1
Transmutations | 1 2 3 4 5 |  5.1
Fire Magic     | 1 2 3 4 5 |  5.1
Ice Magic      | 1 2 3 4 5 |  5.1
Air Magic      | 1 2 3 4 5 |  5.1
Earth Magic    | 1 2 3 4 5 |  5.1
Poison Magic   | 1 2 3 4 5 |  5.1
Maces & Flails | 5 6 7 |  7.8
Fighting       | 7 8 9 |  9.1
Armour         | 7 8 9 |  9.1
Shields        | 7 8 9 |  9.1

Action                   |  1- 3 |  4- 6 |  7- 9 | 10-12 || total
-------------------------+-------+-------+-------+-------++-------
Melee: Flail             |    53 |   240 |   219 |       ||   512
       Bite              |     8 |    34 |    39 |    26 ||   107
       Halberd           |       |       |    49 |   253 ||   302
Throw: Dart              |       |       |    16 |    11 ||    27
       Boomerang         |       |       |     2 |       ||     2
 Cast: Slow              |       |       |       |     3 ||     3
Evoke: Wand              |       |       |       |     2 ||     2
  Use: Scroll            |       |     5 |    11 |     4 ||    20
       Potion            |       |       |    12 |     1 ||    13
 Stab: Sleeping          |       |       |     7 |    11 ||    18
       Distracted        |       |       |     1 |       ||     1
  Eat: Chunk             |       |     5 |     7 |     6 ||    18
       Ration            |       |       |     1 |     2 ||     3
Armor: Scale mail        |    11 |    74 |       |       ||    85
       Ring mail         |       |    23 |    80 |    71 ||   174
Dodge: Dodged            |    11 |   100 |   164 |   198 ||   473
Block: Kite shield       |    18 |   142 |   197 |       ||   357
       Reflection        |       |       |     5 |       ||     5
       Other             |       |       |    11 |    12 ||    23

Table legend:
 A = Non-vault XP
 B = Vault XP
 C = Vault XP percentage of total XP
 D = Non-vault monster count
 E = Vault monster count
 F = Vault count percentage of total count
                 A         B        C        D         E       F
            +---------+---------+-------+---------+---------+-------
      Total |   11419 |    2519 |  18.1 |     199 |      35 |  15.0
            +---------+---------+-------+---------+---------+-------
        D:1 |      30 |       0 |   0.0 |      16 |       0 |   0.0
        D:2 |     132 |      20 |  13.2 |      22 |      19 |  46.3
        D:3 |      84 |       4 |   4.5 |      16 |       1 |   5.9
        D:4 |     167 |       0 |   0.0 |      16 |       0 |   0.0
        D:5 |     392 |     370 |  48.6 |      15 |       2 |  11.8
        D:6 |     361 |       0 |   0.0 |       9 |       0 |   0.0
        D:7 |    1254 |     116 |   8.5 |      15 |       1 |   6.2
        D:8 |    1785 |     475 |  21.0 |      17 |       1 |   5.6
        D:9 |    3627 |    1139 |  23.9 |      36 |      10 |  21.7
       D:10 |    3255 |       0 |   0.0 |      34 |       0 |   0.0
       D:11 |     332 |     395 |  54.3 |       3 |       1 |  25.0
            +---------+---------+-------+---------+---------+-------
